 Dungeon Crawl Stone Soup version 0.25-a0-1130-g3926558f3a (webtiles) character file.

Game seed: 11750669250363801651, levelgen mode: deterministic

2432 kae the Carver (level 9, -8/72 HPs)
             Began as a Formicid Abyssal Knight on May 19, 2020.
             Was a Priest of Lugonu.
             Mangled by Maggie
             ... wielding a +1 glaive of venom
              (15 damage)
             ... on level 8 of the Dungeon.
             The game lasted 00:08:16 (10162 turns).

kae the Carver (Formicid Abyssal Knight)           Turns: 10162, Time: 00:08:16

Health: -8/72      AC: 10    Str: 20    XL:     9   Next: 77%
Magic:  13/14      EV: 11    Int: 12    God:    Lugonu [***...]
Gold:   473        SH:  0    Dex: 10    Spells: 8/8 levels left

rFire    . . .     SeeInvis +   a - +2 falchion
rCold    . . .     Gourm    .   (no shield)
rNeg     . . .     Faith    .   l - +3 ring mail
rPois    .         Spirit   .   (helmet unavailable)
rElec    .         Reflect  .   p - +0 cloak
rCorr    .         Harm     .   u - +0 pair of gloves
MR       +....                  (no boots)
Stlth    ..........             b - amulet of magic regeneration
HPRegen  0.22/turn              n - ring of protection from magic
MPRegen  0.39/turn              (no ring)

@: lethally poisoned (-8 -> -23), mesmerised
A: permanent stasis, dig shafts and tunnels, four strong arms, antennae 3
a: Dig, Shaft Self, Depart the Abyss, Bend Space, Banish, Renounce Religion


You were on level 8 of the Dungeon.
You worshipped Lugonu.
Lugonu was most pleased with you.
You were not hungry.

You visited 1 branch of the dungeon, and saw 8 of its levels.
You visited the Abyss 1 time.

You collected 473 gold pieces.

Inventory:

Hand Weapons
 a - a +2 falchion (weapon)
Armour
 l - a +3 ring mail (worn)
 p - a +0 cloak (worn)
 u - a +0 pair of gloves (worn)
Jewellery
 b - an amulet of magic regeneration (around neck)
 h - an uncursed ring of ice
 n - a ring of protection from magic (left hand)
Wands
 d - a wand of flame (19)
 q - a wand of iceblast (5)
Scrolls
 e - a scroll of identify
 g - 2 scrolls of remove curse
 m - 2 scrolls of amnesia
Potions
 f - 2 potions of brilliance
 i - 2 potions of cancellation
 k - a potion of ambrosia
 o - 3 potions of flight
 r - 2 potions of mutation
 s - a potion of curing
 z - a potion of might
Comestibles
 c - 14 rations


   Skills:
 - Level 7.0 Fighting
 * Level 9.0 Long Blades
 - Level 3.0 Armour
 - Level 1.7 Dodging
 + Level 7.9 Invocations


You had 8 spell levels left.
You didn't know any spells.
Your spell library was empty.

Dungeon Overview and Level Annotations

Branches:
Dungeon (8/15)             Temple (0/1) D:7
   Lair: D:8-11

Altars:
Ashenzari
Dithmenos
Nemelex Xobeh
Okawaru
Qazlal
Sif Muna
Trog
Xom
Yredelemnul
Zin
The Shining One

Annotations:
D:6 exclusion: oklob plant
D:7 Joseph
D:8 Maggie


Innate Abilities, Weirdness & Mutations

You cannot be hasted, slowed, berserked, paralysed or teleported.
You can dig through walls and to a lower floor.
Your four strong arms can wield two-handed weapons with a shield.
You have a pair of large antennae on your head. (SInv)


Message History

You feel sick.
Maggie drinks a potion.
Maggie is healed!
You hit Maggie.
Maggie is heavily wounded.
You feel sick.
Maggie hits you with a +1 glaive of venom!
* * * LOW HITPOINT WARNING * * *
You hit Maggie.
Maggie is heavily wounded.
You feel sick. Maggie hits you but does no damage.
You are lethally poisoned!
You hit Maggie.
Maggie is heavily wounded.
* * * LOW HITPOINT WARNING * * *
You feel sick.
Okay, then.
Space bends sharply around you!
Maggie blinks!
You blink.
* * * LOW HITPOINT WARNING * * *
You feel sick.
Maggie hits you with a +1 glaive of venom!
You die...

...#.....#####...##.#
#.#
#.⌠#...........#.##.#
#.#
####...#######...##..
..# # ...## ###.####
### # ...# ###.#####
# ### #..§§...#
#(#.###.# #.#.# .#
#.#@# .# ......@.# .#
#####.... @# #..#..
.. #.. ..### ##. .##
## ##


You could see Maggie (mesmerising).

Vanquished Creatures
  Pikel (D:6)
  An orc warrior (D:7)
  A black bear (D:6)
  An ice beast (D:5)
  5 ogres
  2 sky beasts
  3 slaves (D:6)
  A centaur (D:7)
  A bullfrog (D:6)
  A crimson imp (D:6)
  A bullfrog zombie (D:5)
  3 orc priests
  2 centaur skeletons
  2 hounds
  5 orc wizards
  2 iguanas (D:5)
  8 worker ants
  A hound zombie (D:5)
  8 adders
  8 river rats (D:5)
  A worm (D:5)
  7 dart slugs
  2 leopard geckos
  21 orcs
  5 giant cockroaches
  6 goblins
  7 hobgoblins
  11 jackals
  5 quokkas
  A ball python (D:1)
  12 bats
  5 frilled lizards
  5 kobolds
  21 rats
166 creatures vanquished.

Vanquished Creatures (others)
  A slave (D:6)
  A crimson imp (D:6)
  An adder (D:6)
3 creatures vanquished.

Grand Total: 169 creatures vanquished

Notes
Turn   | Place    | Note
-------+----------+-------------------------------------------
     0 | Abyss:1  | kae the Formicid Abyssal Knight began the quest for the
                  | Orb.
     0 | Abyss:1  | Reached XP level 1. HP: 18/18 MP: 2/2
    34 | Abyss:1  | Noticed a small abomination
    45 | Abyss:1  | Noticed a raiju
    56 | Abyss:1  | Noticed a hell hound
    59 | D:1      | Escaped the Abyss
   149 | D:1      | Reached skill level 1 in Dodging
   248 | D:1      | Reached XP level 2. HP: 20/24 MP: 3/3
   418 | D:1      | Reached * piety under Lugonu
   702 | D:1      | Reached XP level 3. HP: 26/29 MP: 4/4
  1632 | D:2      | Reached XP level 4. HP: 31/37 MP: 6/6
  1854 | D:2      | Found a shadowy altar of Dithmenos.
  2259 | D:2      | Found a faded altar of an unknown god.
  2664 | D:3      | Reached skill level 3 in Long Blades
  2664 | D:3      | Reached XP level 5. HP: 32/42 MP: 7/7
  2666 | D:3      | Reached ** piety under Lugonu
  3492 | D:4      | Reached XP level 6. HP: 39/48 MP: 8/8
  3724 | D:4      | Found a basalt altar of Yredelemnul.
  3997 | D:4      | Found a glowing golden altar of the Shining One.
  3997 | D:4      | Found a shadowy altar of Dithmenos.
  3999 | D:4      | Found a shimmering altar of Xom.
  3999 | D:4      | Found a basalt altar of Yredelemnul.
  3999 | D:4      | Found a shimmering altar of Xom.
  4053 | D:4      | Noticed an ogre
  4060 | D:4      | Killed an ogre
  4060 | D:4      | Reached skill level 4 in Long Blades
  4294 | D:4      | Noticed an ogre
  4301 | D:4      | Killed an ogre
  4301 | D:4      | Reached XP level 7. HP: 55/55 MP: 10/10
  4923 | D:5      | Entered Level 5 of the Dungeon
  5176 | D:5      | Reached skill level 5 in Fighting
  5259 | D:5      | Reached skill level 5 in Long Blades
  5527 | D:5      | Reached skill level 5 in Invocations
  5788 | D:5      | Reached XP level 8. HP: 31/63 MP: 11/11
  6415 | D:5      | Found a bloodstained altar of Trog.
  6422 | D:5      | Reached skill level 6 in Long Blades
  6460 | D:5      | Found a shimmering blue altar of Sif Muna.
  6574 | D:5      | Reached *** piety under Lugonu
  6775 | D:6      | Noticed an oklob plant
  7283 | D:6      | Noticed Pikel
  7359 | D:6      | Killed Pikel
  7359 | D:6      | Reached skill level 7 in Long Blades
  7359 | D:6      | Reached XP level 9. HP: 6/71 MP: 12/14
  8131 | D:6      | Reached skill level 8 in Long Blades
  8395 | D:6      | Found a stormy altar of Qazlal.
  8505 | D:7      | Noticed Joseph
  9095 | D:7      | Found a staircase to the Ecumenical Temple.
  9251 | D:7      | Found a glowing silver altar of Zin.
  9252 | D:7      | Found an iron altar of Okawaru.
  9293 | D:7      | Found a stormy altar of Qazlal.
  9535 | D:7      | Found a sparkling altar of Nemelex Xobeh.
  9898 | D:8      | Found a shattered altar of Ashenzari.
  9922 | D:8      | Reached skill level 9 in Long Blades
 10140 | D:8      | Noticed Maggie
 10162 | D:8      | Mangled by Maggie

Illustrated notes

Levels and vault maps discovered:
D:1:      psy_arrival_dodecagon, layout_basic, chequers_avenue,
          minmay_tromino_i4
D:2:      layout_basic, nicolae_dithmenos_shadow_blocks,
          chequers_ecumenical_altar_simple, minivault_5
D:3:      layout_loops_ring
D:4:      layout_loops_ring, doesnt_xom_only_xom
D:5:      layout_gridville, kennysheep_little_box, bloody_trog, first_ration,
          st_stairs_5, dk_rats_in_the_wall
D:6:      layout_loops_ring, lemuel_oklob_altar, uniq_pikel
D:7:      layout_basic, nemelex_altar_shiori, gammafunk_temple_overflow_statue,
          minmay_temple_entry_wispy, basic_altar, uniq_joseph
D:8:      layout_loops_corners, evilmike_ruin_ashenzari, uniq_psyche,
          uniq_maggie

Skill      XL: |  1  2  3  4  5  6  7  8  9 |
---------------+----------------------------+-----
Dodging        | 1 |  1.7
Invocations    | 3 4 5 6 7 |  7.9
Armour         | 3 |  3.0
Fighting       | 4 5 6 7 |  7.0
Long Blades    | 3 4 5 7 9 |  9.0

Action                   |  1- 3 |  4- 6 |  7- 9 || total
-------------------------+-------+-------+-------++-------
Melee: Falchion          |    94 |   157 |   415 ||   666
Invok: Depart the Abyss  |     1 |       |       ||     1
       Bend Space        |       |       |     1 ||     1
Evoke: Wand              |       |     2 |     9 ||    11
  Use: Scroll            |       |     7 |    11 ||    18
       Potion            |       |       |     3 ||     3
  Eat: Chunk             |     2 |     7 |    14 ||    23
       Ration            |       |       |     2 ||     2
Armor: Leather armour    |    29 |       |       ||    29
       Ring mail         |     8 |    80 |   117 ||   205
       Skin              |       |       |     7 ||     7
Dodge: Dodged            |    76 |    99 |   152 ||   327
       Rpst.: Falchion   |    32 |    27 |    51 ||   110

Table legend:
 A = Non-vault XP
 B = Vault XP
 C = Vault XP percentage of total XP
 D = Non-vault monster count
 E = Vault monster count
 F = Vault count percentage of total count
                 A         B        C        D         E       F
            +---------+---------+-------+---------+---------+-------
      Total |    2684 |     791 |  22.8 |     137 |      26 |  16.0
            +---------+---------+-------+---------+---------+-------
        D:1 |      62 |       4 |   6.1 |      30 |       3 |   9.1
        D:2 |      67 |       0 |   0.0 |      21 |       0 |   0.0
        D:3 |     100 |       0 |   0.0 |      20 |       0 |   0.0
        D:4 |     389 |       0 |   0.0 |      13 |       0 |   0.0
        D:5 |     565 |     124 |  18.0 |      16 |      22 |  57.9
        D:6 |     808 |     663 |  45.1 |      18 |       1 |   5.3
        D:7 |     597 |       0 |   0.0 |      13 |       0 |   0.0
        D:8 |      96 |       0 |   0.0 |       6 |       0 |   0.0
            +---------+---------+-------+---------+---------+-------
